 Dungeon Sprint DCSS version 0.28.0-53-g5a82cb258f (webtiles) character file.

Game seed: 2397699276285703321

11470 Groucho the Imperceptible (level 11, 48/48 HPs)
             Began as a Felid Berserker on Aug 14, 2022.
             Was the Champion of Trog.
             Got out of the dungeon alive.
             The game lasted 00:10:17 (3262 turns).

Groucho the Imperceptible (Felid Berserker)         Turns: 3262, Time: 00:10:17

Health: 48/48      AC:  2    Str: 13    XL:     11   Next: 49%
Magic:  9/9        EV: 31    Int: 10    God:    Trog [******]
Gold:   1343       SH:  0    Dex: 17    Spells: 10/10 levels left
                                        Lives:  1   Deaths: 1

rFire   . . .      SeeInvis +     - Unarmed
rCold   . . .      Faith    .   (shield unavailable)
rNeg    . . .      Spirit   .   (armour unavailable)
rPois   .          Reflect  .   (helmet unavailable)
rElec   .          Harm     .   (cloak unavailable)
rCorr   .          Rampage  .   (gloves unavailable)
Will    +....      Rage     1%  (boots unavailable)
Stlth   ++++++++++ NoTele   +   (no amulet)
HPRegen 0.16/turn               (no ring)
MPRegen 0.11/turn               (no ring)

@: studying Unarmed Combat, quick
A: very small, claws 1, fangs 3, see invisible, speed 1, shaggy fur 2, stealthy
paws, no weapons or thrown items, no armour, multi-lived, berserk 1, clumsy 1,
deterioration 2, frail 2, low MP 2, screaming 2, subdued magic 1, inability to
read while threatened
a: Renounce Religion, Berserk, Trog's Hand, Brothers in Arms


You escaped.
You worshipped Trog.
Trog was exalted by your worship.
You visited 1 branch You collected 2141 gold pieces.
You spent 798 gold pieces at shops.

Inventory:

Wands
 g - a wand of iceblast (8)
Scrolls
 a - 2 scrolls of identify {unknown}
 i - a scroll of fear {unknown}
 m - a scroll of amnesia {unknown}
 o - a scroll of enchant armour {unknown}
Potions
 b - 2 potions of heal wounds
 c - 2 potions of haste
 d - 2 potions of magic
 e - 2 potions of berserk rage
 f - 2 potions of flight
 h - a potion of lignification {unknown}
 j - 2 potions of curing
 k - a potion of ambrosia {unknown}
 l - 2 potions of degeneration {unknown}
 n - 2 potions of resistance {unknown}
 p - a potion of might {unknown}


   Skills:
 + Level 14.8 Fighting
 + Level 18.9 Dodging
 + Level 26.8 Stealth
 + Level 15.9 Unarmed Combat


You had 10 spell levels left.
You didn't know any spells.
Your spell library was empty.

Dungeon Overview and Level Annotations

Branches:
Dungeon (1/1)

Altars:
Cheibriados
Dithmenos
Elyvilon
Fedhas
Gozag
Hepliaklqana
Kikubaaqudgha
Makhleb
Nemelex Xobeh
Okawaru
Qazlal
Ru
Sif Muna
Trog
Uskayaw
Vehumet
Wu Jian
Xom
Yredelemnul
Zin
The Shining One
Jiyva
Lugonu

Shops:
D **((??(*[!*[[*((:*([(


Innate Abilities, Weirdness & Mutations

You have sharp claws.
You have razor-sharp teeth.
You have supernaturally acute eyesight. (SInv)
You cover ground quickly. (Speed+)
You are covered in thick fur. (AC +2)
Your paws help you pounce on unaware monsters.
You are incapable of wielding weapons or throwing items.
You cannot wear armour.
You gain extra lives every three experience levels.
You tend to lose your temper in combat.
You are clumsy. (Dex -2)
Your body often deteriorates upon taking damage.
You are very frail. (-20% HP)
Your magical capacity is very low. (-20% MP)
You frequently scream uncontrollably at your foes.
Your spells are a little easier to cast, but a little less powerful.
You sometimes lose the ability to read scrolls when taking damage.


Message History

Done waiting.
Items here: )))) ÷÷÷.
You now have 1235 gold pieces (gained 12).
Found the Orb of Zot.
l - 2 metallic purple potions (gained 1)
m - a scroll labelled PETOAL YWEXT
n - 2 bubbling green potions
o - a scroll labelled LAREUGETUT
p - a purple potion You now have 1262 gold pieces (gained 27).
You now have 1289 gold pieces (gained 27).
You now have 1316 gold pieces (gained 27).
You now have 1343 gold pieces (gained 27).
Okay, then.
Items here: )))) ÷.
There is an open door here.
There is an open door, spattered with blood here.
There is an open door here.
Really walk into a travel-excluded area?
There is an open door here.
There is an open door here.
You see here a +0 dire flail.
There is an open door here.
There is an open door here.
There is an open door here.
There is an open door here.
Things that are here:
a +0 scythe; a +0 robe
There is an open door here.
You see here a +0 giant spiked club.
There is an open door here.
Things that are here:
a +0 club; a +0 chain mail of willpower
There is an open door here.
There is a staircase leading out of the dungeon here.
Are you sure you want to leave the Dungeon?
This will make you lose the game!
Alright, then stay!
Unknown command.
Are you sure you want to leave the Dungeon?
This will make you lose the game!
You have escaped!

##################
#@.#.)'..#.)'..#__
#..'..#.)'..#..'..
#..#####+#####'#__
#..####..#...#)###
#..#__####..##(#≈≈
#..#_____##'#_.'§§
#⌠⌠#_.∩...'..._#≈§
####_..__##_.#'##+
#_____###'#|#..


There were no monsters in sight!

Vanquished Creatures
  A fire giant (D)
  A hydra (D)
  2 centaur warriors (D)
  Sonja (D)
  A deep troll (D)
  A lindwurm (D)
  3 shining eyes (D)
  An oklob plant (D)
  A gargoyle (D)
  7 unseen horrors (D)
  A demonic crawler (D)
  2 kobold demonologists (D)
  A hornet (D)
  A slime creature (D)
  Sigmund (D)
  A yak (D)
  13 hogs (D)
  2 redbacks (D)
  4 floating eyes (D)
  7 necrophages (D)
  An ogre (D)
  8 jellies (D)
  Ijyb (D)
62 creatures vanquished.

Vanquished Creatures (collateral kills)
  3 fire giants (D)
  5 shining eyes (D)
  3 demonic crawlers (D)
  3 floating eyes (D)
14 creatures vanquished.

Vanquished Creatures (others)
  2 ballistomycete spores (D)
2 creatures vanquished.

Grand Total: 78 creatures vanquished

Notes
Turn   | Place    | Note
-------+----------+-------------------------------------------
     0 | D        | Groucho the Felid Berserker began the quest for the Orb.
     0 | D        | Reached XP level 1. HP: 10/10 MP: 2/2
     2 | D        | Noticed Ijyb
    16 | D        | Killed Ijyb
    17 | D        | Reached skill level 8 in Stealth
    17 | D        | Reached XP level 2. HP: 14/14 MP: 3/3
   476 | D        | Noticed an ogre
   478 | D        | Killed an ogre
   479 | D        | Reached skill level 12 in Stealth
   479 | D        | Reached XP level 3. HP: 17/17 MP: 4/4
   479 | D        | Reached XP level 4. HP: 21/21 MP: 5/5
   493 | D        | Noticed Sigmund
   495 | D        | Killed Sigmund
   495 | D        | Reached ** piety under Trog
   496 | D        | Reached skill level 17 in Stealth
   496 | D        | Reached XP level 5. HP: 24/24 MP: 6/6
   508 | D        | Found a shimmering blue altar of Sif Muna.
   509 | D        | Found an ornate altar of the Wu Jian Council.
   510 | D        | Found a radiant altar of Vehumet.
   516 | D        | Gained mutation: You are covered in thick fur. (AC +2)
                  | [Felid growth]
   516 | D        | Reached XP level 6. HP: 28/28 MP: 7/7
   582 | D        | Found Yjurchute's Weapon Emporium.
   582 | D        | Found an ancient bone altar of Kikubaaqudgha.
   582 | D        | Found a hazy altar of Hepliaklqana.
   582 | D        | Found a stormy altar of Qazlal.
   582 | D        | Found a hide-covered altar of Uskayaw.
   582 | D        | Found a blossoming altar of Fedhas.
   582 | D        | Found a bloodstained altar of Trog.
   582 | D        | Found an iron altar of Okawaru.
   582 | D        | Found a basalt altar of Yredelemnul.
   582 | D        | Found a glowing golden altar of the Shining One.
   582 | D        | Found a snail-covered altar of Cheibriados.
   582 | D        | Found a sacrificial altar of Ru.
   582 | D        | Found a glowing silver altar of Zin.
   582 | D        | Found a shadowy altar of Dithmenos.
   582 | D        | Found a white marble altar of Elyvilon.
   582 | D        | Noticed a yak
   583 | D        | Found an opulent altar of Gozag.
   584 | D        | Killed a yak
   585 | D        | Reached skill level 19 in Stealth
   585 | D        | Found a sparkling altar of Nemelex Xobeh.
   601 | D        | Noticed a centaur warrior
   604 | D        | Noticed a centaur warrior
   605 | D        | Killed a centaur warrior
   606 | D        | Reached skill level 5 in Fighting
   606 | D        | Reached skill level 20 in Stealth
   606 | D        | Reached skill level 5 in Unarmed Combat
   606 | D        | Reached XP level 7. HP: 34/34 MP: 8/8
   606 | D        | Reached XP level 8. HP: 38/38 MP: 9/9
   606 | D        | Killed a centaur warrior
   606 | D        | Reached *** piety under Trog
   607 | D        | Reached skill level 21 in Stealth
   615 | D        | Noticed a hornet
   618 | D        | Killed a hornet
   621 | D        | Noticed an oklob plant
   623 | D        | Killed an oklob plant
   624 | D        | Reached skill level 10 in Dodging
   624 | D        | Reached XP level 9. HP: 44/44 MP: 10/10
   639 | D        | Reached skill level 22 in Stealth
  1062 | D        | Reached **** piety under Trog
  1069 | D        | Noticed an unseen horror
  1070 | D        | Noticed an unseen horror
  1076 | D        | Killed an unseen horror
  1078 | D        | Killed an unseen horror
  1085 | D        | Reached ***** piety under Trog
  1296 | D        | Found Omagopn's General Store.
  1296 | D        | Found Intywua's Antique Weapon Shop.
  1296 | D        | Found Axiepli's Antique Armour Boutique.
  1298 | D        | Found Sych's Distillery.
  1298 | D        | Found Foaph's General Store.
  1298 | D        | Found Etixutij's Armour Shoppe.
  1298 | D        | Found Cuqama's Antique Armour Boutique.
  1298 | D        | Found Uqerere's Assorted Antiques.
  1298 | D        | Found Xaumeof's Antique Weapon Shop.
  1298 | D        | Found Nasolap's Antique Weapon Shoppe.
  1302 | D        | Found Weuczaic's Book Boutique.
  1303 | D        | Bought 2 potions of flight for 66 gold pieces
  1303 | D        | Found Qogac's Weapon Emporium.
  1303 | D        | Found Iqocac's General Store.
  1304 | D        | Found Juuwosk's Antique Weapon Emporium.
  1354 | D        | Noticed a deep troll
  1356 | D        | Killed a deep troll
  1356 | D        | Reached ****** piety under Trog
  1357 | D        | Reached skill level 10 in Fighting
  1357 | D        | Reached skill level 23 in Stealth
  1357 | D        | Reached skill level 10 in Unarmed Combat
  1357 | D        | Reached XP level 10. HP: 51/51 MP: 11/11
  1368 | D        | Found Izeunofo's Armour Emporium.
  1380 | D        | Noticed Sonja
  1383 | D        | Killed Sonja
  1458 | D        | Found Justoebosm's General Store.
  1491 | D        | Found a burning altar of Makhleb.
  1491 | D        | Found a shimmering altar of Xom.
  1492 | D        | Found a viscous altar of Jiyva.
  1492 | D        | Found a corrupted altar of Lugonu.
  1518 | D        | Noticed a gargoyle
  1531 | D        | Killed a gargoyle
  1532 | D        | Reached skill level 24 in Stealth
  1862 | D        | Noticed a lindwurm
  1867 | D        | Killed a lindwurm
  1868 | D        | Reached skill level 15 in Dodging
  1885 | D        | Reached XP level 11. HP: 57/57 MP: 12/12
  1947 | D        | Noticed a 12-headed hydra
  1949 | D        | Killed a 12-headed hydra
  1952 | D        | Reached skill level 25 in Stealth
  2016 | D        | Noticed a shining eye
  2016 | D        | Noticed a shining eye
  2016 | D        | Noticed a shining eye
  2016 | D        | Noticed a shining eye
  2016 | D        | Noticed a shining eye
  2016 | D        | Noticed a shining eye
  2018 | D        | Noticed a shining eye
  2018 | D        | Noticed a shining eye
  2019 | D        | Killed a shining eye
  2020 | D        | Gained mutation: Your body sometimes deteriorates upon
                  | taking damage. [a shining eye]
  2024 | D        | Gained mutation: Your magical capacity is low. (-10% MP) [a
                  | shining eye]
  2026 | D        | Paralysed by a floating eye for 4 turns
  2028 | D        | Gained mutation: You are frail. (-10% HP) [a shining eye]
  2029 | D        | Gained mutation: You are very frail. (-20% HP) [a shining
                  | eye]
  2029 | D        | Gained mutation: You sometimes lose the ability to read
                  | scrolls when taking damage. [a shining eye]
  2030 | D        | Gained mutation: Your magical capacity is very low. (-20%
                  | MP) [a shining eye]
  2032 | D        | Gained mutation: Your body often deteriorates upon taking
                  | damage. [a shining eye]
  2034 | D        | Killed a shining eye
  2035 | D        | Paralysed by a floating eye for 2 turns
  2035 | D        | Killed a shining eye
  2037 | D        | Killed a shining eye
  2037 | D        | Gained mutation: You occasionally shout uncontrollably at
                  | your foes. [a shining eye]
  2038 | D        | Gained mutation: Your spells are a little easier to cast,
                  | but a little less powerful. [a shining eye]
  2040 | D        | Gained mutation: You are clumsy. (Dex -2) [a shining eye]
  2040 | D        | Gained mutation: You frequently scream uncontrollably at
                  | your foes. [a shining eye]
  2041 | D        | Killed a shining eye
  2042 | D        | Gained mutation: You tend to lose your temper in combat. [a
                  | shining eye]
  2044 | D        | Killed a shining eye
  2048 | D        | Killed a shining eye
  2050 | D        | Killed a shining eye
  2154 | D        | Found Biozemm's Assorted Antiques.
  2154 | D        | Found Menad's Magic Scroll Shop.
  2154 | D        | Found Cugim's Antique Weapon Emporium.
  2154 | D        | Found Afiuh's Magic Scroll Boutique.
  2168 | D        | Bought a black potion for 28 gold pieces
  2168 | D        | Bought a metallic purple potion for 28 gold pieces
  2179 | D        | Bought a scroll of acquirement for 676 gold pieces
  2181 | D        | Acquired a manual of Unarmed Combat
  2268 | D        | Noticed a daeva
  2283 | D        | Killed from afar by a daeva
  2284 | D        | Reached XP level 10. HP: -3/66 MP: 9/9
  2306 | D        | Reached skill level 26 in Stealth
  2506 | D        | Reached XP level 11. HP: 48/48 MP: 9/9
  2752 | D        | Noticed a fire giant
  2755 | D        | Noticed a fire giant
  2756 | D        | Noticed a fire giant
  2757 | D        | Noticed a fire giant
  2759 | D        | Killed a fire giant
  2766 | D        | Killed a fire giant
  2767 | D        | Reached skill level 15 in Unarmed Combat
  2769 | D        | Killed a fire giant
  2770 | D        | Killed a fire giant
  3262 | D        | Got out of the dungeon alive.

Illustrated notes

Levels and vault maps discovered:
D:        dungeon_sprint_1 [red_sonja_temple_1, red_sonja_temple_small_1]

Skill      XL: |  1  2  3  4  5  6  7  8  9 10 11 |
---------------+----------------------------------+-----
Stealth        | 8 12 17 20 21 23 26 25 | 26.8
Fighting       | 5 8 10 14 13 | 14.8
Dodging        | 7 10 13 15 18 | 18.9
Unarmed Combat | 5 8 10 14 15 | 15.9

Action                   |  1- 3 |  4- 6 |  7- 9 | 10-12 || total
-------------------------+-------+-------+-------+-------++-------
Melee: Unarmed           |    12 |     5 |    44 |   115 ||   176
       Punch             |     1 |       |     2 |    10 ||    13
       Bite              |       |       |     2 |    15 ||    17
Invok: Berserk           |     1 |     1 |     3 |     2 ||     7
       Trog's Hand       |       |       |     3 |     1 ||     4
       Brothers in Arms  |       |       |       |     5 ||     5
  Use: Scroll            |       |     1 |       |     1 ||     2
       Potion            |       |       |     1 |       ||     1
 Stab: Sleeping          |     1 |     3 |    15 |    11 ||    30
Armor: Skin              |       |       |       |     1 ||     1
Dodge: Dodged            |     9 |     1 |    18 |    87 ||   115
